[Event "20th Delhi GM Open 2023"]
[Site "New Delhi"]
[Date "2023.03.25"]
[Round "4.2"]
[White "Swayham P Das"]
[Black "Aravindh, Chithambaram VR."]
[Result "0-1"]
[ECO "B90"]
[WhiteElo "1906"]
[BlackElo "2607"]
[Annotator "TA"]
[PlyCount "90"]
[EventDate "2023.03.23"]
[EventType "swiss"]
[EventCountry "IND"]
[SourceTitle "playchess.com"]
[Source "ChessBase"]
[SourceQuality "1"]
[TimeControl "5400+30"]

1. e4 c5 2. Nf3 d6 3. d4 cxd4 4. Nxd4 Nf6 5. Nc3 a6 6. Bd3 g6 7. h3 {[%emt 0:00:21] B90: Sicilian Najdorf: Unusual White 6th moves, 6 Be3 Ng4 and 6 Be3 e5.} Bg7 8. Be3 Nc6 9. Qd2 {[%emt 0:06:38] The position is equal.} O-O 10. f4 {[%emt 0:03:49] [#]} Nd7 $146 ({Predecessor:} 10... Bd7 11. O-O-O b5 12. f5 Ne5 13. g4 b4 14. Nce2 Qa5 15. Kb1 Bb5 16. Nf4 Bc4 {0-1 Jarosczinsky,E-Schimron,H DDR-ch M572 corr 1974}) 11. Be2 Nc5 12. O-O Bd7 13. Rad1 b5 14. Bf3 Rc8 {[%emt 0:12:04] [#]} 15. e5 $1 Na5 {[#]} (15... Nxd4 16. Bxd4) 16. Be2 (16. b3 $1 $16) 16... Ncb7 $11 17. Nf3 Nc4 18. Bxc4 Rxc4 19. Bd4 Bc6 20. b3 Bxf3 $1 21. Rxf3 Rc6 22. Rd3 $36 {[%emt 0:09:58][%mdl 2048] White has the initiative.} d5 23. b4 e6 24. a4 bxa4 25. Nxa4 Qd7 {[%emt 0:02:27] Black is weak on the dark squares} 26. Ra3 Rb8 27. c3 Bf8 (27... a5 $14) 28. Nb6 $16 {[%emt 0:01:54][%mdl 64] Discovered Attack} Rxb6 29. Bxb6 Nd6 {[%emt 0:00:05] aiming for ...Nc4.} 30. exd6 Rxb6 31. Rda1 (31. f5 $16) 31... Qxd6 $14 32. Ra5 ({White should play} 32. Qd3 $14) 32... Bg7 33. Rd1 (33. Rc5 $11) 33... Rc6 $15 {[%emt 0:00:46][%mdl 1024] Black has compensation.} 34. Ra3 Bf6 (34... Qc7 $5 35. Rc1 d4 $15) 35. g3 (35. Rf1 $11 {remains equal.}) 35... h5 $17 36. h4 Qc7 37. Rc1 {[%emt 0:01:19] [#]} (37. Qe2 $15) 37... Kg7 (37... Rc4 $1 $17 {[%cal Oa6a5] White must now prevent ...a5!} 38. Kh2 (38. Rxa6 $2 {is the wrong capture.} Bxc3 39. Rxc3 Rxc3 $19) 38... Bxh4 39. Rxa6 (39. gxh4 $2 {too greedy.} Rxf4 40. Kg1 Rg4+ 41. Kf1 Rxh4 $19) 39... Bf6) 38. Kh2 Qc8 39. Qd3 Rc4 {[%emt 0:00:11] Strongly threatening ...d4.} 40. Ra5 Be7 (40... d4 {simplifies} 41. Rc5 Rxc5 42. bxc5 Qxc5 43. c4 Bd8) 41. Rb1 $2 {[%emt 0:00:45][%mdl 8192] White does not recover from this.} (41. Rg1 $11) 41... Rxc3 $19 42. Qxa6 Rc2+ 43. Kh3 Qc3 {[%emt 0:00:14] ( -> ...Qf3)} 44. Qf1 {[%emt 0:01:59] Wards off Qf3} Qd2 45. Qg1 Qe2 {[%emt 0:00:07] Weighted Error Value: White=0.52/Black=0.14 (very precise)} 0-1

[Event "20th Delhi GM Open 2023"]
[Site "New Delhi"]
[Date "2023.03.25"]
[Round "4.3"]
[White "Pantsulaia, Levan"]
[Black "Daaevik Wadhawan"]
[Result "1/2-1/2"]
[ECO "A09"]
[WhiteElo "2597"]
[BlackElo "1886"]
[Annotator "TA"]
[PlyCount "76"]
[EventDate "2023.03.23"]
[EventType "swiss"]
[EventCountry "IND"]
[SourceTitle "playchess.com"]
[Source "ChessBase"]
[SourceQuality "1"]
[TimeControl "5400+30"]

1. Nf3 d5 2. c4 d4 3. b4 Bg4 4. Qb3 a5 5. b5 a4 6. Qd3 {[%emt 0:01:14] A09: Réti Opening: 1 Nf3 d5 2 c4.} c5 7. h3 $1 Bc8 (7... Bh5 $11) 8. e3 $16 {[%emt 0:00:57][%cal Re3d4] White is better.} dxe3 9. Qxd8+ (9. fxe3 Qc7 $14) 9... Kxd8 10. fxe3 Nd7 11. d4 e6 12. Nc3 {[%emt 0:04:39] [#]} f6 $146 ({Predecessor:} 12... Ngf6 13. Be2 cxd4 14. exd4 Bb4 15. Bd2 b6 16. O-O Ke7 17. a3 Bd6 18. Bd1 Bb7 19. Nxa4 {1-0 Pantsulaia,L (2609)-Arhan,C (2126) Bikaner op 1st 2022 (4)}) 13. a3 {[%emt 0:00:58] White is more active.} (13. Bd3 $16) 13... Nh6 14. Bb2 cxd4 {[#]} (14... b6 $14) 15. Kf2 $2 Nf5 $2 (15... dxc3 $19 16. Bxc3 Nc5) 16. exd4 $14 {[%emt 0:06:45] Threatens to win with g4.} e5 $1 17. Nd5 exd4 18. g4 (18. Nxd4 Bc5 19. Rd1 Ne5 $11) (18. Bxd4 Nxd4 19. Nxd4 Bc5 $17) 18... Ne3 19. Nxe3 (19. Bxd4 $6 Nc2 20. Rd1 Bxa3 $11) (19. Nxd4 $16 Nxd5 20. Ne6+ (20. cxd5 Ne5 $11) 20... Ke7 21. cxd5) 19... dxe3+ $15 20. Kxe3 Nc5 21. Rd1+ Kc7 22. Rg1 (22. Bd3 $15) 22... Nb3 23. Nd4 (23. Kd3 $142) 23... Bc5 $17 {[%emt 0:01:14] aiming for ...Rd8.} 24. Bg2 Be6 $1 {[%emt 0:09:09][%cal Oa8d8] ...Rad8! would be deadly.} 25. Kf4 Bf7 (25... Bxc4 26. Rc1 Na5 27. Bc3 $11) 26. Rge1 Rhe8 $1 (26... Bxc4 27. Rc1 Bd6+ 28. Ke3 $11) (26... Bd6+ 27. Kf3 Rhd8 28. Nf5 $17 (28. Ne6+ Bxe6 29. Rxe6 Bxa3 $11 {[%mdl 64] Discovered Attack})) 27. Nf5 Rxe1 (27... Bxc4 28. Nxg7 Rxe1 29. Rxe1 $15) 28. Rxe1 Rd8 {[%emt 0:00:00] Prevents Bd5.} (28... Bxc4 29. Nxg7 Rd8 30. Re4 $15 (30. Bxf6 Rd2 $17)) 29. Bd5 ({Reject} 29. Nxg7 Rd2 30. Bxf6 Rxg2 $19) 29... Bxd5 30. cxd5 g5+ ({And not} 30... Rxd5 31. Nxg7 Kb6 32. Ne6 $17) 31. Kf3 Rxd5 32. Re6 Rd3+ 33. Ke4 {[%emt 0:00:01] [#]} Rd2 ({Stronger than} 33... Rxh3 34. Rxf6 Kc8 35. b6 $15) 34. Bxf6 (34. Bc3 $142 Re2+ 35. Kd5 Rxe6 36. Kxe6) 34... Bxa3 $19 35. Be5+ {[%emt 0:00:57] [#]} Kd7 $2 ({Better is} 35... Kd8 $1 $19 {...Bb2 is the strong threat.} 36. Rh6 Nc5+ 37. Ke3 Bc1) 36. Rh6 $11 {[%emt 0:00:03] The position is equal.} Re2+ 37. Kd5 Rd2+ 38. Kc4 Rc2+ {[%emt 0:00:32] Weighted Error Value: White=0.39/Black=0.34} 1/2-1/2

[Event "20th Delhi GM Open 2023"]
[Site "New Delhi"]
[Date "2023.03.25"]
[Round "4.4"]
[White "Negi, Virender Singh"]
[Black "Kobalia, Mikhail"]
[Result "0-1"]
[ECO "A21"]
[WhiteElo "1894"]
[BlackElo "2577"]
[Annotator "TA"]
[PlyCount "70"]
[EventDate "2023.03.23"]
[EventType "swiss"]
[EventCountry "IND"]
[SourceTitle "playchess.com"]
[Source "ChessBase"]
[SourceQuality "1"]
[TimeControl "5400+30"]

1. Nf3 d6 2. c4 f5 3. Nc3 Nf6 4. g3 e5 5. d3 g6 6. Bg2 Bg7 7. O-O O-O 8. Rb1 Nh5 9. Bd2 f4 {[%emt 0:00:27] A21: English Opening: 1...e5 2 Nc3.} 10. b4 g5 11. b5 (11. h3 $1 $14 {is superior.}) 11... g4 {[%emt 0:03:14] The position is equal.} 12. Ne1 Nd7 {[%emt 0:00:06] [#]} 13. Ne4 $146 ({Predecessor:} 13. Nd5 Nc5 14. Bc3 Ne6 15. a4 Ng5 16. gxf4 exf4 17. Bxg7 Kxg7 18. Nc3 f3 19. exf3 gxf3 20. Bxf3 Nxf3+ 21. Nxf3 Bg4 {0-1 Bodicker,R (1980)-Devallee,J (2246) Avoine op 30th 2015 (1)}) 13... Nhf6 14. Nxf6+ ({Much worse is} 14. gxf4 exf4 15. Qc1 Nxe4 16. Bxe4 Be5 $11) 14... Qxf6 15. Bc3 ({White should play} 15. Bd5+ $14 Kh8 16. Ng2) 15... Nc5 $15 16. gxf4 Qxf4 17. Bd5+ Kh8 (17... Be6 {is more complex.} 18. Bb4 Bxd5 19. cxd5 e4) 18. Ng2 Qg5 (18... Qh6 {is interesting.} 19. Qd2 Qh3 20. Qe3 Be6) 19. Bd2 (19. Qd2 $11 Qh5 20. d4) 19... Qg6 (19... Qh5 $17) 20. Be3 $11 Nd7 (20... a6 {seems wilder.} 21. a4 Qh5 22. f3 axb5 23. Bxc5 dxc5 24. axb5 gxf3 25. Bxf3 Bg4) 21. f4 gxf3 22. Bxf3 Nf6 23. Kh1 Qe8 (23... a6 $5 ) 24. Bg1 a6 25. b6 c6 26. e4 Bh3 27. Qe2 Qe6 28. d4 exd4 29. Bxd4 Nd7 30. Bxg7+ Kxg7 31. Rg1 {[%emt 0:00:42] [#] Nf4+ is the strong threat.} Kh8 $1 {[%emt 0:00:22] Black is more active.} 32. Ne3 Ne5 {[%emt 0:00:17] Prevents Ng4.} (32... Qe5 $17) 33. Bg4 (33. Bg2 $1 $15) 33... Bxg4 $17 34. Nxg4 Qxc4 35. Qe3 Rae8 {[%emt 0:04:12] Weighted Error Value: White=0.21 (precise) /Black=0.14 (very precise)} (35... Qxa2 $2 36. Nxe5 dxe5 37. Qg5 $18) 0-1

[Event "20th Delhi GM Open 2023"]
[Site "New Delhi"]
[Date "2023.03.25"]
[Round "4.5"]
[White "Mchedlishvili, Mikheil"]
[Black "Badamundi Tapan"]
[Result "1-0"]
[ECO "C02"]
[WhiteElo "2569"]
[BlackElo "1862"]
[Annotator "TA"]
[PlyCount "91"]
[EventDate "2023.03.23"]
[EventType "swiss"]
[EventCountry "IND"]
[SourceTitle "playchess.com"]
[Source "ChessBase"]
[SourceQuality "1"]
[TimeControl "5400+30"]

1. e4 e6 2. d4 d5 3. e5 c5 4. c3 Qb6 5. Nf3 Nc6 6. a3 f6 7. b4 cxd4 {[%emt 0:01:13] C02: French: Advance Variation.} (7... c4 $11 {remains equal.}) 8. cxd4 $16 Nge7 9. Bd3 {[%emt 0:03:03] [#]} f5 $146 (9... Nxd4 $2 10. Nxd4 fxe5 11. Qh5+ g6 12. Qxe5 $18) (9... fxe5 $142 10. dxe5 a6) ({Predecessor:} 9... Bd7 10. Bb2 Ng6 11. O-O Be7 12. Nc3 O-O 13. Na4 Qd8 14. exf6 Bxf6 15. Nc5 Bc8 {0-1 Lukovic,V (2411)-Timofeev,A (2583) Titled Tuesday intern op 28th Sept blitz 2021 (6)}) 10. Nc3 a6 (10... Ng6 $142) 11. h4 {[%emt 0:02:58] White is more active.} Ng8 12. Rb1 Nh6 (12... Qd8 $142 13. Bg5 Be7) 13. Bxh6 $18 gxh6 14. O-O Qd8 (14... Nxd4 $2 15. Nxd4 Bg7 16. Bxf5 Bxe5 17. Qh5+ Kd8 18. Nxe6+ Bxe6 19. Bxe6 Bxc3 20. Qxd5+ Kc7 21. Rfc1 $18) 15. Ne2 Rg8 16. g3 Be7 (16... Bd7 $16 17. Qd2 Rg4) 17. Qd2 Rg6 18. Nf4 Rg4 19. Be2 Bd7 20. Rfd1 Kf7 21. Ne1 {[%emt 0:01:56][%cal Bf3e1,Be1g2,Bg2f4,Bf4d5][%mdl 32] A dynamic duo of knights.} Rg8 22. Neg2 Na7 (22... Kg7 $142 23. Qe3 Kh8) 23. Bf3 {[%emt 0:01:23][%cal Of4d5] Nxd5! is the strong threat.} Qb6 $2 {[%emt 0:03:52] [#]} (23... Kg7 24. Nxd5 (24. Nh5+ Kh8 $16) 24... exd5) 24. Nxe6 $1 {[%emt 0:15:25][%mdl 576] Discovered Attack. White is clearly winning.} Bxe6 25. Qxh6 Rg4 26. Bxg4 fxg4 27. Nf4 Rg8 28. Qxh7+ Ke8 29. Qh6 Kd7 30. Nxd5 Qc6 31. Nf4 {[%emt 0:01:29] Strongly threatening d5.} Bd5 32. e6+ Kd8 33. Rbc1 Qd6 34. Nxd5 Qxd5 35. Rd2 Rf8 {[%emt 0:00:31] Inhibits Qf4.} (35... Nc6 $142 36. Qf4 Rf8 37. Qxg4 Rf3) 36. Qe3 Rf3 37. Qe5 Qd6 {[%emt 0:01:17] Dodges Qb8+} 38. Qa5+ Ke8 39. Qh5+ Kd8 40. Qxg4 Rf6 41. d5 Nb5 42. Rdc2 Na7 {[%emt 0:00:01] [#] Inhibits Rc8+.} 43. Rc7 $1 Qxc7 44. Rxc7 Kxc7 45. h5 Nb5 {[%emt 0:00:56] [#]} 46. h6 $1 {[%emt 0:00:17] An exciting game.   Weighted Error Value: White=0.90/Black=0.88} 1-0

[Event "20th Delhi GM Open 2023"]
[Site "New Delhi"]
[Date "2023.03.25"]
[Round "4.6"]
[White "Sarthak Rawat"]
[Black "Murzin, Volodar"]
[Result "0-1"]
[ECO "B91"]
[WhiteElo "1890"]
[BlackElo "2554"]
[Annotator "TA"]
[PlyCount "82"]
[EventDate "2023.03.23"]
[EventType "swiss"]
[EventCountry "IND"]
[SourceTitle "playchess.com"]
[Source "ChessBase"]
[SourceQuality "1"]
[TimeControl "5400+30"]

1. e4 c5 2. Nf3 d6 3. d4 cxd4 4. Nxd4 Nf6 5. Nc3 a6 6. g3 Bg4 7. Be2 {[%emt 0:05:07] [#] B91: Sicilian Najdorf: 6 g3.} (7. f3 $5 Bd7 8. Be3 $14) 7... Bxe2 $146 ({Predecessor:} 7... Bh3 8. Bf3 Qc8 9. Bg5 Nbd7 10. Qd2 Ne5 11. Rg1 Nxf3+ 12. Nxf3 Qg4 13. Bxf6 Qxf3 14. Bd4 Rc8 {0-1 Grabin,H-Veit,D (2119) Gaucho-ch 64th 2009 (4)}) 8. Qxe2 g6 9. Be3 {[%emt 0:09:08] White is slightly better.} Bg7 10. a4 (10. O-O-O $14) 10... O-O $11 11. O-O Nbd7 12. Rad1 (12. Nb3 $11) 12... Rc8 $15 13. f3 Ne5 (13... Nb6 $5 ) 14. Kg2 Nfd7 15. f4 Nc4 16. Bc1 e6 17. b3 Na5 (17... Qb6 $5 18. Qf2 Na5 $11) 18. Nb1 Qc7 19. Na3 d5 20. e5 Nc6 21. Be3 Rfd8 22. Rc1 Nc5 23. Rfd1 Bf8 24. Nb1 $1 Ne4 25. c4 Qa5 26. Nf3 Bc5 27. cxd5 exd5 28. Bxc5 Nxc5 29. Qe3 Ne7 {[%emt 0:01:57] Strongly threatening ...Nf5.} 30. Nd4 Ne6 31. g4 {[%emt 0:01:00] [#]} (31. Nxe6 $11 fxe6 32. Rxc8 Rxc8 33. Rc1) 31... Rxc1 $1 $17 32. Rxc1 (32. Qxc1 $17 Qb6 33. Nxe6) 32... Qb6 $19 33. Rd1 {[%emt 0:00:35] [#]} Nc6 $1 34. Nf5 Qxe3 35. Nxe3 d4 ({Worse is} 35... Nxf4+ 36. Kg3 g5 37. Nf5) 36. Nc4 Nxf4+ 37. Kf3 Ne6 38. Re1 Nc5 39. Nbd2 b5 40. axb5 axb5 41. Nd6 (41. Na3 {is a better chance.}) 41... Nd3 {[%emt 0:00:08][%csl LRe1,LRe5] Black took control after the opening.   Weighted Error Value: White=0.33/Black=0.13 (very precise)} 0-1

[Event "20th Delhi GM Open 2023"]
[Site "New Delhi"]
[Date "2023.03.25"]
[Round "4.7"]
[White "Savchenko, Boris"]
[Black "Himanshu Ranjan"]
[Result "1-0"]
[ECO "B09"]
[WhiteElo "2552"]
[BlackElo "1860"]
[Annotator "TA"]
[PlyCount "101"]
[EventDate "2023.03.23"]
[EventType "swiss"]
[EventCountry "IND"]
[SourceTitle "playchess.com"]
[Source "ChessBase"]
[SourceQuality "1"]
[TimeControl "5400+30"]

1. e4 g6 2. d4 Bg7 3. Nc3 d6 4. f4 Nf6 5. Nf3 O-O 6. Bd3 Na6 7. O-O c5 8. d5 Nc7 9. a4 Na6 {[%emt 0:04:15] B09: Pirc Defence: Austrian Attack.} 10. Bc4 Bg4 11. h3 Bxf3 {[%emt 0:03:24] White is better.} 12. Qxf3 Nb4 {[%emt 0:03:07] [#]} 13. Rf2 $146 ({Predecessor:} 13. Qe2 Re8 14. e5 Nd7 15. e6 fxe6 16. Qxe6+ Kh8 17. Bb5 Nxc2 18. Rb1 Nf6 19. Bxe8 Qxe8 20. Nb5 {½-½ Brayman,N (1736)-Korinek,J (1599) SC-2013-0-00196}) 13... Nd7 14. Nd1 Qc7 (14... Na6 $16 {might work better.}) 15. g4 (15. c3 $18) 15... Nb6 $16 16. Bf1 (16. Ne3 Nxc4 17. Nxc4 Na6) 16... a5 17. Be3 (17. c3 $142) 17... Rac8 (17... f5 $142) 18. c3 Na6 {[%emt 0:00:16] [#]} 19. b3 (19. h4 $1 $18) 19... Nb8 20. Raa2 N8d7 (20... e6 $142) 21. c4 Rce8 22. h4 e6 23. g5 exd5 24. cxd5 f5 {[%emt 0:03:40] [#]} 25. exf5 (25. gxf6 $6 Nxf6 26. Bd3 Qe7 $11) 25... Rxf5 26. Rad2 Nf8 27. Bh3 Rf7 28. h5 Nbd7 29. Bf1 (29. Rde2 $16) 29... Ree7 (29... gxh5 $14 30. Bb5 (30. Qxh5 Bd4 $14) 30... Bd4) 30. Bb5 Qc8 31. Qh3 Nb6 32. Qxc8 Nxc8 33. h6 Bh8 34. Kg2 {[%emt 0:01:02] White is more active.} Nb6 35. Rd3 Nfd7 36. Bd2 (36. Rf3 $16) 36... Bd4 $11 37. Rff3 Rf5 $2 (37... Nxd5 $11 {and Black has nothing to worry.} 38. Kg3 Nc7) 38. Ne3 $18 ({Resist} 38. Bxa5 $6 Ref7) 38... Bxe3 (38... Rff7 39. Bxa5 Rf8) 39. Rfxe3 ({Don't do} 39. Rdxe3 Rxe3 40. Rxe3 Rxf4 $18) 39... Rxe3 40. Rxe3 Rxd5 41. Bxa5 Kf7 {[%emt 0:00:02] Prevents Re7+} 42. Kg3 {[%emt 0:00:58] Threatens to win with Bxb6.} Rd1 43. Bxb6 Nxb6 {[%emt 0:00:03][%mdl 4096] Endgame KRB-KRN} 44. Re8 Rb1 45. Rb8 Nd5 46. Bc4 Rd1 47. Rxb7+ Ke6 48. Rxh7 Kf5 49. Bxd5 Rxd5 50. Rf7+ Ke6 51. Rf6+ {[%emt 0:00:08] Weighted Error Value: White=0.16 (very precise) /Black=0.70} 1-0

[Event "20th Delhi GM Open 2023"]
[Site "New Delhi"]
[Date "2023.03.25"]
[Round "4.8"]
[White "Krasenkow, Michal"]
[Black "Sharma Vivek"]
[Result "1-0"]
[ECO "D35"]
[WhiteElo "2527"]
[BlackElo "1859"]
[Annotator "TA"]
[PlyCount "64"]
[EventDate "2023.03.23"]
[EventType "swiss"]
[EventCountry "IND"]
[SourceTitle "playchess.com"]
[Source "ChessBase"]
[SourceQuality "1"]
[TimeControl "5400+30"]

1. c4 Nf6 2. Nc3 e6 3. Nf3 d5 4. d4 Be7 5. Qc2 O-O 6. cxd5 exd5 7. Bg5 {[%emt 0:00:06] 7.Bf4 is vanishing.} h6 {[%emt 0:00:25] D35: Queen's Gambit Declined: Exchange Variation.} 8. Bh4 Re8 9. e3 b6 {[%emt 0:07:32] The position is equal.} 10. Ne5 {[%emt 0:03:43] White wants to play Bb5.} Bb7 11. Bd3 Nbd7 12. Bb5 {[%emt 0:03:03] [#]} Rf8 $146 (12... Nxe5 $1 $11 {and Black stays safe.} 13. Bxe8 (13. dxe5 Nd7 $17) 13... Nxe8 14. Bxe7 Qxe7) ({Predecessor:} 12... c6 13. Bxc6 Qc7 14. Bxf6 Bxf6 15. Nxd5 Qd6 16. Nxf6+ Kh8 17. Nxf7# {1-0 Codreanu,A (1823)-Baltagaru,M (1115) ROM-chT U16 Iasi 2018 (1.3)}) 13. Bc6 $1 $18 Rb8 (13... Bxc6 $142 14. Nxc6 Qe8) 14. Nxd7 Nxd7 15. Bxe7 (15. Bxd5 $2 Bxh4 16. Bxb7 Rxb7 $19) 15... Qxe7 16. Nxd5 ({Don't take} 16. Bxd5 $6 Nf6 17. Bxb7 Rxb7 $16) 16... Qe6 17. Bxb7 (17. Nxc7 $2 {perishes.} Qxc6 18. Qxc6 Bxc6 $19) 17... Rxb7 {[%emt 0:00:30] [#]} 18. Qc6 {[%emt 0:00:30][%mdl 576] Decoy} Qxc6 (18... Rfb8 19. Qxe6) 19. Ne7+ Kh7 20. Nxc6 Nb8 {[%emt 0:02:14] [#]} 21. Rc1 Nxc6 22. Rxc6 {[%emt 0:00:02][%mdl 4096] Endgame KRR-KRR} Rd8 23. Kd2 Kg8 24. Rhc1 Rd7 25. Kd3 Kf8 26. e4 Ke7 27. e5 Kd8 28. Ke4 Re7 29. d5 b5 30. b4 {[%emt 0:01:25] White is clearly winning.} Rb6 31. f4 {[%emt 0:01:07][%cal Od5d6] And now d6! would win.} g6 32. g4 {[%emt 0:00:17][%cal Od5d6] Strongly threatening d6!} Rb8 {[%emt 0:00:27] Black did not feel at home in the position after the opening.   Weighted Error Value: White=0.05 (flawless) /Black=0.41} 1-0

[Event "20th Delhi GM Open 2023"]
[Site "New Delhi"]
[Date "2023.03.25"]
[Round "4.9"]
[White "Anilkumar, O.T."]
[Black "Paichadze, Luka"]
[Result "0-1"]
[ECO "D02"]
[WhiteElo "1840"]
[BlackElo "2515"]
[Annotator "TA"]
[PlyCount "136"]
[EventDate "2023.03.23"]
[EventType "swiss"]
[EventCountry "IND"]
[SourceTitle "playchess.com"]
[Source "ChessBase"]
[SourceQuality "1"]
[TimeControl "5400+30"]

1. d4 Nf6 2. Nf3 e6 3. Bf4 d5 4. e3 Bd6 5. c3 O-O 6. Bd3 c5 7. Nbd2 Nc6 8. Bg3 Qe7 9. Ne5 Nd7 10. f4 f5 {[%emt 0:04:09] D02: 1 d4 d5 2 Nf3 sidelines, including 2...Nf6 3 g3 and 2...Nf6 3 Bf4.} 11. Ndf3 Nf6 12. Bh4 Qe8 {[%emt 0:00:51] The position is equal.} 13. O-O Ne4 14. Kh1 Nxe5 {[#]} 15. Rg1 $146 {[%mdl 8192] [#]} (15. dxe5 $11 {and White has nothing to worry.} Be7 16. Bxe7 Qxe7 17. g4) ({Predecessor:} 15. fxe5 Be7 16. Bxe7 Qxe7 17. c4 cxd4 18. exd4 Bd7 19. cxd5 exd5 20. Ng1 Qb4 21. Ne2 {1-0 Annaberdiev,M (2457)-Ayyad,M (2137) Asia Classical 15th 2006 (7)}) 15... Bd7 $2 16. dxe5 Be7 17. Qe2 Bxh4 18. Nxh4 {[%emt 0:00:08] [#]} Qh5 $1 {[%emt 0:07:06][%mdl 64] Deflection} 19. g3 Qh6 (19... Qxe2 $15 20. Bxe2 g5 21. fxg5 Nxg5) 20. Bxe4 fxe4 21. Rad1 Bc6 22. h3 a5 23. Kh2 Kh8 24. Qg4 Be8 25. Rd2 b5 26. Ng2 Bc6 27. h4 Be8 28. Qg5 Qh5 29. Qxh5 ({White should play} 29. Qe7 $14 Bg6 30. Qxe6 (30. Qxc5 Bf5 $11)) 29... Bxh5 $15 30. Kh3 {[%emt 0:00:03] Wards off Bg4+} Bg6 31. g4 h5 32. gxh5 Bxh5 33. Ne1 Kh7 34. Rg5 g6 35. f5 Rxf5 36. Ng2 $2 (36. Rxf5 $17 gxf5 37. Ng2) 36... Raf8 {[%emt 0:02:16] Hoping for ...Rf1.} 37. a4 (37. Rxf5 $142 Rxf5 38. Kh2) 37... b4 (37... bxa4 $2 38. Nf4 Rxf4 39. exf4 $19) 38. cxb4 (38. Rxf5 {only move.} Rxf5 39. cxb4 Rf3+ 40. Kh2 cxb4 41. Rc2) 38... cxb4 39. Rxf5 Rxf5 $19 {[%emt 0:00:02][%mdl 4096] Endgame KRB-KRN} (39... exf5 40. Rxd5 Be2 41. Rxa5 $18) (39... gxf5 40. Nf4 Bf7 41. Rc2 $11) 40. Kg3 Rxe5 $2 (40... Rf3+ $19 41. Kh2 b3) 41. Nf4 (41. Rc2 $17) 41... b3 $1 42. Rf2 Bf3 43. Nh3 Kg7 44. Ng5 Kf6 {[%emt 0:00:35] aiming for ...Rf5.} 45. Rf1 Ke7 {[%emt 0:00:47] ...Rf5 is the strong threat.} 46. Rc1 Rf5 47. Rc7+ Kd6 48. Ra7 Be2 {[%emt 0:00:25] Against Ra6+} 49. Rxa5 $2 (49. Rb7 {was called for.} Bc4 50. Rf7) 49... Bd3 (49... Rf1 $142 50. Ra8 Bc4) 50. Ra7 Rf1 51. Rb7 Re1 52. Rb6+ $2 (52. Rxb3 Rxe3+ 53. Kf2) 52... Kc5 (52... Ke5 $142 $1 53. Nf7+ (53. Rxe6+ $2 {loses.} Kf5 $19) 53... Kf6) 53. a5 $2 (53. Rxb3 e5 54. Ne6+ Kc6 55. a5) 53... Rxe3+ $2 ({Black should try} 53... e5 $1 $19 54. Rxb3 (54. Ne6+ $2 Kc4 $19) 54... Rxe3+ 55. Kf2 Re2+ 56. Kg3 Re1 57. Ne6+ Kc4 58. Rc3+ Kb4) 54. Kf4 $11 Re2 55. Rxb3 {[%emt 0:00:42][%mdl 8192] [#]} (55. Nxe6+ $11 Kc4 56. Rc6+ Kb4 57. Rb6+ Kxa5 58. Rxb3) 55... d4 $2 (55... Rf2+ $1 $19 56. Kg3 Rf6) 56. a6 {[%emt 0:01:58][%mdl 64] Deflection} (56. Ke5 {is more complex.} Bc4 57. Rb6 Bd5 58. Nxe6+ Bxe6 59. b4+) 56... Bxa6 57. Nxe4+ $2 (57. Nxe6+ $15 Kc4 58. Rb6) 57... Kd5 $19 58. Nf6+ Kc4 59. Rb6 e5+ 60. Kf3 Re3+ 61. Kf2 Bb5 62. Ng4 Re4 63. Rxg6 {[%emt 0:00:03] [#]} d3 $2 (63... Bd7 $1 $19 64. b3+ Kd3) 64. Ne3+ $11 Kb3 {[%emt 0:01:09][%cal Od3d2] And now ...d2! would win.} (64... Kb4 $5 65. Nd5+ Kc5 $15) 65. Rg4 $2 (65. Rb6 $11 Kb4 66. Nd5+ Kc4 67. Nc3) 65... Rxg4 {[%emt 0:00:10] Black mates.} 66. Nxg4 d2 ({Worse is} 66... Kxb2 67. Ke3 $11) 67. Ne3 Kxb2 68. h5 Kc1 {[%emt 0:00:22] An entertaining game by Paichadze.   Weighted Error Value: White=0.62/Black=0.57} 0-1

[Event "20th Delhi GM Open 2023"]
[Site "New Delhi"]
[Date "2023.03.26"]
[Round "5.1"]
[White "Rakhmatullaev, Almas"]
[Black "Sethuraman, S.P."]
[Result "1/2-1/2"]
[ECO "B22"]
[WhiteElo "2275"]
[BlackElo "2639"]
[Annotator "TA"]
[PlyCount "105"]
[EventDate "2023.03.23"]
[EventType "swiss"]
[EventCountry "IND"]
[SourceTitle "playchess.com"]
[Source "ChessBase"]
[SourceQuality "1"]
[TimeControl "5400+30"]

1. e4 c5 2. c3 Nf6 3. e5 Nd5 4. d4 cxd4 5. Nf3 Nc6 6. Bc4 Nb6 7. Bb3 d5 8. exd6 Qxd6 9. O-O Bf5 10. Nxd4 Nxd4 11. cxd4 e6 12. Nc3 Be7 13. Qf3 Qd7 14. a4 {[%emt 0:01:52][%cal Ba2a4,Ba4a5][%mdl 32] is the legacy move (14.d5). B22: Sicilian: 2 c3.} O-O 15. a5 Nc8 16. d5 {[%emt 0:03:08] White is better.} Nd6 17. Bf4 Rad8 18. Rfe1 {[%emt 0:01:52] [#]} Kh8 $146 ({Black should play} 18... Bf6) ({Predecessor:} 18... Bf6 19. dxe6 Bxe6 20. Ba4 Qc8 21. Bxd6 Rxd6 22. Ne4 Rd5 23. Nxf6+ gxf6 24. Qxf6 Rf5 {1-0 Yordanova,S (2184)-Doncheva,M (2065) BUL-ch sf (Women) 2005 (4)}) 19. h3 $1 $16 Bf6 20. Rad1 {[%emt 0:03:09] aiming for dxe6.} e5 21. Bxe5 Bxe5 22. Rxe5 Bg6 23. Qe3 a6 {[%emt 0:04:35] Black is weak on the dark squares} 24. Qb6 Nc8 25. Qc5 {[%emt 0:01:19][%cal Od5d6] d6! would be deadly. White is much more active.} Qd6 26. Qxd6 Nxd6 27. Re7 Rc8 28. Rd7 Rfd8 29. Rxd8+ Rxd8 30. Re1 Rd7 31. f4 h5 {[%emt 0:09:17] [#]} 32. g4 $1 hxg4 33. hxg4 Bd3 34. Re3 Bc4 {[%emt 0:00:05] [#]} (34... Bb5 $142 35. Kf2 Nc4) 35. Ba4 $1 $18 Nb5 36. b3 Bxd5 37. Bxb5 ({But not} 37. Nxb5 axb5 38. Bxb5 Rc7) (37. Re8+ $18 Kh7 38. Nxb5 axb5 39. Bxb5) 37... axb5 $16 38. Nxd5 Rxd5 $18 {[%emt 0:00:05][%mdl 4096] Endgame KR-KR} 39. Re7 Rd3 $1 40. Rxf7 Rxb3 41. Rxb7 {[%emt 0:00:18] Strongly threatening g5.} b4 $1 42. a6 {[%emt 0:00:41] White threatens a7 and mate.} Ra3 43. a7 {[%emt 0:00:40] Intending Rb8+ and mate.} Kh7 44. Rxb4 {[%emt 0:01:04] Black must now prevent Rb7.} (44. f5 {seems wilder.} Kh6 45. Kf2 b3 46. Rb6+) 44... Rxa7 45. Kf2 Ra3 46. Re4 Kg6 47. Re3 Ra1 48. Kf3 Rf1+ 49. Ke4 Rg1 50. Kf3 Rf1+ 51. Ke4 Rg1 52. Kf3 Rf1+ 53. Ke4 {[%emt 0:00:04] Black escapes into a draw.   Weighted Error Value: White=0.12 (very precise) /Black=0.11 (very precise)} 1/2-1/2